Pick #1

Connor Bedard
Pick #2

Leo Carlsson
Pick #3

Adam Fantilli
Pick #4

Matvei Michkov
Pick #5

David Reinbacher
Pick #6

William Smith
Pick #7

Zachary Benson
Pick #8

Ryan Leonard
Pick #9

Gabriel Perreault
Pick #10

Axel Sandin-Pellika
Pick #11

Daniil But
Pick #12

Dalibor Dvorsky
Pick #13

Quentin Musty
Pick #14

Brayden Yager
Pick #15

Dmitry Simashev
Pick #16

Colby Barlow
Pick #17

Andrew Cristall
Pick #18

Easton Cowan
Pick #19

Jacob Fowler
Pick #20

Oliver Moore
Pick #21

Oliver Bonk
Pick #22

Tom Willander
Pick #23

Calum Ritchie
Pick #24

Tanner Molendyk
Pick #25

Gavin Brindley
Pick #26

Nate Danielson
Pick #27

Pick #28

Pick #29

Pick #30

Pick #31

Pick #32

Pick #33

Pick #34

Pick #35

Pick #36

Pick #37

Pick #38

Pick #39

Pick #40

Pick #41

Pick #42

Pick #43

Pick #44

Pick #45

Pick #46

Pick #47

Pick #48

Pick #49

Pick #50

Pick #51

Pick #52

Pick #53

Pick #54

Pick #55

Pick #56

Pick #57

Pick #58

Pick #59

Pick #60

Pick #61

Pick #62

Pick #63

Pick #64

Pick #65

Pick #66

Pick #67

Pick #68

Pick #69

Pick #70

Pick #71

Pick #72

Pick #73

Pick #74

Pick #75

Pick #76

Pick #77

Pick #78

Pick #79

Pick #80

Pick #81

Pick #82

Pick #83

Pick #84

Pick #85

Pick #86

Pick #87

Pick #88

Pick #89

Pick #90

Pick #91

Pick #92

Pick #93

Pick #94

Pick #95

Pick #96

Pick #97

Pick #98

Pick #99

Pick #100

Pick #101

Pick #102

Pick #103

Pick #104

Pick #105

Pick #106

Pick #107

Pick #108

Pick #109

Pick #110

Pick #111

Pick #112

Pick #113

Pick #114

Pick #115

Pick #116

Pick #117

Pick #118

Pick #119

Pick #120

Pick #121

Pick #122

Pick #123

Pick #124

Pick #125

Pick #126

Pick #127

Pick #128

Pick #129

Pick #130

Full Scoreboard »»

Golden Knights vs Kings

Created - November 3, 2023 at 20:18

Goals
1 2 3 OT1 SO T
Golden Knights 2 0 1 0 1 4
Kings 1 1 1 0 0 3
Shots
1 2 3 OT1 SO T
Golden Knights 17 10 8 2 3 37
Kings 4 14 13 1 3 32

GoalsPenalties
1st period
1. Golden Knights , Artemi Panarin 6 (Jakob Chychrun 8, Mark Stone 7) at 6:26
2. Golden Knights , Mark Stone 8 (Artemi Panarin 8, Jakob Chychrun 9) at 11:53
3. Kings , Evander Kane 4 (Ryan Suter 5, Matt Duchene 6) at 13:35
David Savard (LOS) for Tripping (Minor) at 3:09
David Savard (LOS) for Roughing (Minor) at 9:11
Jordan Staal (LOS) for Hooking (Minor) at 15:38
2nd period
4. Kings , Sidney Crosby 6 (Alex Ovechkin 9, Vladimir Tarasenko 8) at 6:58 (PP)
Miro Heiskanen (VGK) for Interference (Minor) at 0:10
Tomas Hertl (VGK) for Holding (Minor) at 6:28
Alex Ovechkin (LOS) for High sticking (Minor) at 11:08
Vladimir Tarasenko (LOS) for Hooking (Minor) at 14:07
3rd period
5. Golden Knights , Nick Suzuki 4 (T.J. Oshie 4, Kirby Dach 1) at 11:41
6. Kings , Alex Ovechkin 9 (Jonas Brodin 10, Sidney Crosby 11) at 13:55 (PP)
Mark Giordano (LOS) for Holding (Minor) at 1:14
Conor Timmins (VGK) for Slashing (Minor) at 13:20
Evander Kane (LOS) for Hooking (Minor) at 18:22
Overtime #1
No Goal
Miro Heiskanen (VGK) for Hooking (Minor) at 0:10
Shootout
Golden Knights, Artemi Panarin - Stopped by Ville Husso
Kings, Sidney Crosby - Stopped by Ilya Samsonov
Golden Knights, Mark Stone - Stopped by Ville Husso
Kings, Alex Ovechkin - Stopped by Ilya Samsonov
Golden Knights, Nick Suzuki - Goal!
Kings, James van Riemsdyk - Stopped by Ilya Samsonov
Goalie Stats
Ilya Samsonov (VGK), 29 saves from 32 shots - (0.906), W, 7-4-2, 65:00 minutes
Ville Husso (LOS), 34 saves from 37 shots - (0.919), OTL, 7-2-1, 65:00 minutes
3 StarsOfficial
1 - Artemi Panarin (VGK)
2 - Jakob Chychrun (VGK)
3 - Mark Stone (VGK)
Referees : Brett Roeland and Michael Markovic
Linesman : Tyson Baker and Greg Devorski
Game Note
No Game Note
Finance
Level 1 -- Attendance: 6500 (100.00%) -- Ticket Income $617,500
Level 2 -- Attendance: 4831 (96.62%) -- Ticket Income $362,325
Level 3 -- Attendance: 3120 (89.14%) -- Ticket Income $171,600
Level 4 -- Attendance: 2118 (100.00%) -- Ticket Income $84,720
Luxury Box -- Attendance: 896 (89.60%) -- Ticket Income $201,600
Game was played at the Staples Center.
Total Attendance: 17465 (96.40%)
Total Ticket Income: $1,437,745
Other Income: $359,436
Total Income: $1,797,181



Team Name Goals Shots Shots Attemp Shots Blocked PIM HIT PP PK FO%
Golden Knights 43769158230 / 7 (0%)245%
Kings 33266914212 / 4 (50%)055%

Golden Knights
Player Name POS G A P +/- PIM HIT SHT SB MP PP MP PP SHT PK MP PK SHT FO% FOT
Adam BoqvistD0003011022:126:0803:1700% 0
Artemi PanarinLW1122024019:465:5100:0000% 0
Austin WatsonLW000002006:550:0000:0000% 1
Conor TimminsD0000211213:250:0000:4700% 0
Derek GrantC000000007:510:0000:56057% 7
Jack RoslovicC0000002011:530:0000:40040% 20
Jakob ChychrunD0223023319:116:0820:1600% 0
Kirby DachC0110000012:200:0000:00033% 3
Marcus FolignoLW0000074021:057:4012:3200% 4
Mark StoneRW1122003121:225:5110:0000% 4
Miro HeiskanenD000-1434127:067:2330:1200% 0
Nick SuzukiC1010004019:225:5110:08028% 18
Rafael Harvey-PinardLW000000206:550:0000:0000% 1
T.J. OshieRW0110022020:207:4000:00050% 2
Tomas HertlC0002202125:537:4013:08063% 41
Travis HamonicD0000010315:030:0002:2400% 0
Vladislav NamestnikovC0000001111:250:0000:3200% 0
Zach WerenskiD000-1024329:597:2322:4800% 0
Kings
Player Name POS G A P +/- PIM HIT SHT SB MP PP MP PP SHT PK MP PK SHT FO% FOT
Alex OvechkinLW1120253123:382:0510:4900% 4
Brandon SaadLW000-100108:380:0000:0400% 0
Conor ShearyLW000-100103:020:0000:0000% 0
David SavardD000-1422116:430:0004:5200% 0
Evander KaneLW1010233116:140:5900:0000% 0
Ilya MikheyevRW0000004024:310:5908:1900% 2
James van RiemsdykLW000-100009:330:5900:0000% 0
Joel EdmundsonD000-1010112:440:0002:5700% 0
Jonas BrodinD0110011028:572:0517:0200% 0
Jordan StaalC000-1212016:480:0007:28066% 32
Mark GiordanoD000-1200322:360:0006:2000% 0
Matt DucheneC0110004015:060:5900:00050% 20
Mattias EkholmD0000042027:482:0516:0500% 0
Nic DowdC000-100208:470:0005:45260% 10
Ryan SuterD011-1011117:090:5900:0800% 0
Sidney CrosbyC1120021122:432:0510:00057% 28
Tyler MotteC000-100307:500:0004:48050% 4
Vladimir TarasenkoRW0110212020:232:0510:000100% 1



Play-by-Play

1st period


0:01 of 1st period - Sidney Crosby wins face-off versus Tomas Hertl in neutral zone.
0:31 of 1st period - Shot by Mark Stone.
0:31 of 1st period - Shot Misses the Net.
0:33 of 1st period - Shot by Miro Heiskanen.
0:33 of 1st period - Shot Misses the Net.
1:07 of 1st period - Shot by Nick Suzuki.
1:07 of 1st period - Stopped by Ville Husso with a rebound.
2:19 of 1st period - Shot by Jack Roslovic.
2:19 of 1st period - Stopped by Ville Husso without a rebound.
2:20 of 1st period - Matt Duchene wins face-off versus Rafael Harvey-Pinard in Kings zone.
2:26 of 1st period - Mark Giordano is hit by Miro Heiskanen.
2:44 of 1st period - Shot by Rafael Harvey-Pinard.
2:44 of 1st period - Stopped by Ville Husso without a rebound.
2:45 of 1st period - Tomas Hertl wins face-off versus Jordan Staal in Kings zone.
2:51 of 1st period - Mark Stone is hit by David Savard and loses puck.
3:02 of 1st period - Artemi Panarin is hit by Joel Edmundson.
3:09 of 1st period - Minor Penalty to David Savard for Tripping.
3:10 of 1st period - Jordan Staal wins face-off versus Tomas Hertl in Kings zone.
3:23 of 1st period - Shot by T.J. Oshie.
3:23 of 1st period - Shot Misses the Net.
3:25 of 1st period - Shot by Miro Heiskanen.
3:25 of 1st period - Shot Blocked by Joel Edmundson.
3:27 of 1st period - Shot by Marcus Foligno.
3:27 of 1st period - Stopped by Ville Husso without a rebound.
3:28 of 1st period - Nick Suzuki wins face-off versus Jordan Staal in Kings zone.
3:35 of 1st period - Shot by Mark Stone.
3:35 of 1st period - Shot Misses the Net.
3:45 of 1st period - Shot by Nic Dowd.
3:45 of 1st period - Shot Misses the Net.
3:53 of 1st period - Shot by Jakob Chychrun.
3:53 of 1st period - Stopped by Ville Husso without a rebound.
3:54 of 1st period - Tomas Hertl wins face-off versus Jordan Staal in Kings zone.
3:59 of 1st period - Shot by Zach Werenski.
3:59 of 1st period - Stopped by Ville Husso without a rebound.
4:00 of 1st period - Jordan Staal wins face-off versus Tomas Hertl in Kings zone.
4:13 of 1st period - Shot by Miro Heiskanen.
4:13 of 1st period - Stopped by Ville Husso with a rebound.
4:56 of 1st period - Shot by Ilya Mikheyev.
4:56 of 1st period - Shot Misses the Net.
5:37 of 1st period - Icing by Travis Hamonic.
5:38 of 1st period - Nic Dowd wins face-off versus Austin Watson in Golden Knights zone.
5:55 of 1st period - Shot by Conor Sheary.
5:55 of 1st period - Stopped by Ilya Samsonov without a rebound.
5:56 of 1st period - Tomas Hertl wins face-off versus Matt Duchene in Golden Knights zone.
6:26 of 1st period - Shot by Artemi Panarin.
6:26 of 1st period - Goal by Artemi Panarin - Golden Knights : 1 - Kings : 0.
6:27 of 1st period - Jordan Staal wins face-off versus Jack Roslovic in neutral zone.
6:47 of 1st period - Shot by Marcus Foligno.
6:47 of 1st period - Shot Misses the Net.
6:49 of 1st period - Shot by Miro Heiskanen.
6:49 of 1st period - Deflect By Marcus Foligno.
6:49 of 1st period - Stopped by Ville Husso without a rebound.
6:50 of 1st period - Matt Duchene wins face-off versus Nick Suzuki in Kings zone.
7:07 of 1st period - Shot by T.J. Oshie.
7:07 of 1st period - Shot Misses the Net.
7:18 of 1st period - Kirby Dach is hit by Jonas Brodin and loses puck.
7:45 of 1st period - Ilya Mikheyev is hit by Marcus Foligno and loses puck.
7:53 of 1st period - Icing by Mattias Ekholm.
7:54 of 1st period - Tomas Hertl wins face-off versus Matt Duchene in Kings zone.
7:57 of 1st period - Shot by Mark Stone.
7:57 of 1st period - Shot Misses the Net.
7:59 of 1st period - Shot by Miro Heiskanen.
7:59 of 1st period - Stopped by Ville Husso without a rebound.
8:00 of 1st period - Jordan Staal wins face-off versus Jack Roslovic in Kings zone.
8:11 of 1st period - Jordan Staal is hit by Zach Werenski and loses puck.
8:24 of 1st period - Icing by Marcus Foligno.
8:25 of 1st period - Sidney Crosby wins face-off versus Jack Roslovic in Golden Knights zone.
8:35 of 1st period - Jack Roslovic is hit by David Savard and loses puck.
9:11 of 1st period - Minor Penalty to David Savard for Roughing.
9:12 of 1st period - Jordan Staal wins face-off versus Nick Suzuki in Kings zone.
10:37 of 1st period - Icing by Tomas Hertl.
10:38 of 1st period - Tomas Hertl wins face-off versus Tyler Motte in Golden Knights zone.
11:14 of 1st period - Alex Ovechkin is hit by Conor Timmins and loses puck.
11:29 of 1st period - Shot by Alex Ovechkin.
11:29 of 1st period - Shot Misses the Net.
11:31 of 1st period - Shot by Joel Edmundson.
11:31 of 1st period - Shot Blocked by Travis Hamonic.
11:33 of 1st period - Shot by Alex Ovechkin.
11:33 of 1st period - Stopped by Ilya Samsonov without a rebound.
11:34 of 1st period - Tomas Hertl wins face-off versus Nic Dowd in Golden Knights zone.
11:53 of 1st period - Shot by Artemi Panarin.
11:53 of 1st period - Deflect By Mark Stone.
11:53 of 1st period - Goal by Mark Stone - Golden Knights : 2 - Kings : 0.
11:54 of 1st period - Derek Grant wins face-off versus Sidney Crosby in neutral zone.
11:54 of 1st period - Conor Timmins is hit by Sidney Crosby and loses puck.
12:51 of 1st period - Icing by Jonas Brodin.
12:52 of 1st period - Sidney Crosby wins face-off versus Jack Roslovic in Kings zone.
13:15 of 1st period - Shot by Vladislav Namestnikov.
13:15 of 1st period - Stopped by Ville Husso without a rebound.
13:16 of 1st period - Nick Suzuki wins face-off versus Jordan Staal in Kings zone.
13:21 of 1st period - Shot by T.J. Oshie.
13:21 of 1st period - Stopped by Ville Husso without a rebound.
13:22 of 1st period - Matt Duchene wins face-off versus Nick Suzuki in Kings zone.
13:35 of 1st period - Shot by Evander Kane.
13:35 of 1st period - Goal by Evander Kane - Golden Knights : 2 - Kings : 1.
13:36 of 1st period - Jordan Staal wins face-off versus Mark Stone in neutral zone.
13:47 of 1st period - Shot by Brandon Saad.
13:47 of 1st period - Deflect By James van Riemsdyk.
13:47 of 1st period - Shot Blocked by Jakob Chychrun.
13:49 of 1st period - Shot by Jordan Staal.
13:49 of 1st period - Shot Blocked by Mark Stone.
13:53 of 1st period - Shot by Jordan Staal.
13:53 of 1st period - Shot Blocked by Jakob Chychrun.
13:55 of 1st period - Shot by David Savard.
13:55 of 1st period - Stopped by Ilya Samsonov without a rebound.
13:56 of 1st period - Nick Suzuki wins face-off versus Matt Duchene in Golden Knights zone.
15:05 of 1st period - Shot by Artemi Panarin.
15:05 of 1st period - Stopped by Ville Husso without a rebound.
15:06 of 1st period - Jordan Staal wins face-off versus Marcus Foligno in Kings zone.
15:12 of 1st period - Travis Hamonic is hit by Mattias Ekholm and loses puck.
15:38 of 1st period - Minor Penalty to Jordan Staal for Hooking.
15:39 of 1st period - Nic Dowd wins face-off versus Nick Suzuki in Kings zone.
17:01 of 1st period - Shot by Miro Heiskanen.
17:01 of 1st period - Stopped by Ville Husso without a rebound.
17:02 of 1st period - Nic Dowd wins face-off versus Tomas Hertl in Kings zone.
17:02 of 1st period - Mark Giordano is hit by Marcus Foligno and loses puck.
17:17 of 1st period - Shot by Zach Werenski.
17:17 of 1st period - Stopped by Ville Husso without a rebound.
17:18 of 1st period - Tyler Motte wins face-off versus Tomas Hertl in Kings zone.
17:33 of 1st period - Shot by Miro Heiskanen.
17:33 of 1st period - Stopped by Ville Husso with a rebound.
17:43 of 1st period - David Savard is hit by Austin Watson and loses puck.
17:51 of 1st period - Icing by Jordan Staal.
17:52 of 1st period - Jack Roslovic wins face-off versus Jordan Staal in Kings zone.
18:23 of 1st period - Joel Edmundson is hit by Marcus Foligno and loses puck.
18:27 of 1st period - Off-side.
18:28 of 1st period - Sidney Crosby wins face-off versus Tomas Hertl in neutral zone.
18:28 of 1st period - Mattias Ekholm is hit by Artemi Panarin and loses puck.
18:43 of 1st period - Icing by Zach Werenski.
18:44 of 1st period - Tomas Hertl wins face-off versus Matt Duchene in Golden Knights zone.
18:53 of 1st period - Shot by Tomas Hertl.
18:53 of 1st period - Deflect By Artemi Panarin.
18:53 of 1st period - Shot Blocked by Mark Giordano.
19:25 of 1st period - Shot by Mark Giordano.
19:25 of 1st period - Shot Misses the Net.
Goals for this period are 2 for Golden Knights vs 1 for Kings.
Shots for this period are 17 for Golden Knights vs 4 for Kings.

2nd period


0:01 of 2nd period - Nick Suzuki wins face-off versus Sidney Crosby in neutral zone.
0:10 of 2nd period - Minor Penalty to Miro Heiskanen for Interference.
0:11 of 2nd period - Sidney Crosby wins face-off versus Tomas Hertl in Golden Knights zone.
0:14 of 2nd period - Shot by Mattias Ekholm.
0:14 of 2nd period - Stopped by Ilya Samsonov without a rebound.
0:15 of 2nd period - Tomas Hertl wins face-off versus Sidney Crosby in Golden Knights zone.
0:23 of 2nd period - Sidney Crosby is hit by Adam Boqvist and loses puck.
0:42 of 2nd period - Shot by Vladimir Tarasenko.
0:42 of 2nd period - Stopped by Ilya Samsonov without a rebound.
0:43 of 2nd period - Tomas Hertl wins face-off versus Ilya Mikheyev in Golden Knights zone.
1:36 of 2nd period - Zach Werenski is hit by Evander Kane and loses puck.
2:01 of 2nd period - Shot by Jonas Brodin.
2:01 of 2nd period - Stopped by Ilya Samsonov without a rebound.
2:02 of 2nd period - Sidney Crosby wins face-off versus Tomas Hertl in Golden Knights zone.
2:35 of 2nd period - Shot by Conor Sheary.
2:35 of 2nd period - Deflect By Nic Dowd.
2:35 of 2nd period - Shot Misses the Net.
2:49 of 2nd period - Shot by Tyler Motte.
2:49 of 2nd period - Stopped by Ilya Samsonov without a rebound.
2:50 of 2nd period - Derek Grant wins face-off versus Sidney Crosby in Golden Knights zone.
2:50 of 2nd period - Derek Grant is hit by Alex Ovechkin.
3:08 of 2nd period - Derek Grant is hit by Sidney Crosby and loses puck.
3:23 of 2nd period - Icing by Mattias Ekholm.
3:24 of 2nd period - Vladimir Tarasenko wins face-off versus Tomas Hertl in Kings zone.
3:31 of 2nd period - Miro Heiskanen is hit by Alex Ovechkin and loses puck.
3:52 of 2nd period - Shot by Mark Stone.
3:52 of 2nd period - Shot Misses the Net.
3:54 of 2nd period - Shot by Artemi Panarin.
3:54 of 2nd period - Shot Blocked by Alex Ovechkin.
4:11 of 2nd period - Artemi Panarin is hit by Mattias Ekholm and loses puck.
4:36 of 2nd period - Shot by Nick Suzuki.
4:36 of 2nd period - Stopped by Ville Husso without a rebound.
4:37 of 2nd period - Matt Duchene wins face-off versus Jack Roslovic in Kings zone.
4:56 of 2nd period - Shot by Matt Duchene.
4:56 of 2nd period - Stopped by Ilya Samsonov without a rebound.
4:57 of 2nd period - Jordan Staal wins face-off versus Kirby Dach in Golden Knights zone.
5:02 of 2nd period - Shot by Jordan Staal.
5:02 of 2nd period - Stopped by Ilya Samsonov without a rebound.
5:03 of 2nd period - T.J. Oshie wins face-off versus Matt Duchene in Golden Knights zone.
5:12 of 2nd period - Shot by Nick Suzuki.
5:12 of 2nd period - Shot Blocked by Mark Giordano.
6:07 of 2nd period - Icing by David Savard.
6:08 of 2nd period - Tomas Hertl wins face-off versus Jordan Staal in Kings zone.
6:28 of 2nd period - Minor Penalty to Tomas Hertl for Holding.
6:29 of 2nd period - Sidney Crosby wins face-off versus Jack Roslovic in Golden Knights zone.
6:58 of 2nd period - Shot by Sidney Crosby.
6:58 of 2nd period - Goal by Sidney Crosby - Golden Knights : 2 - Kings : 2.
6:59 of 2nd period - Matt Duchene wins face-off versus Mark Stone in neutral zone.
7:09 of 2nd period - Ryan Suter is hit by Travis Hamonic and loses puck.
7:14 of 2nd period - Shot by Matt Duchene.
7:14 of 2nd period - Shot Blocked by Travis Hamonic.
7:16 of 2nd period - Shot by Ilya Mikheyev.
7:16 of 2nd period - Shot Misses the Net.
7:24 of 2nd period - Shot by Artemi Panarin.
7:24 of 2nd period - Stopped by Ville Husso without a rebound.
7:25 of 2nd period - Jack Roslovic wins face-off versus Alex Ovechkin in Kings zone.
7:34 of 2nd period - Shot by Jack Roslovic.
7:34 of 2nd period - Stopped by Ville Husso without a rebound.
7:35 of 2nd period - Nick Suzuki wins face-off versus Alex Ovechkin in Kings zone.
7:42 of 2nd period - Zach Werenski is hit by Alex Ovechkin and loses puck.
8:07 of 2nd period - Shot by Vladimir Tarasenko.
8:07 of 2nd period - Stopped by Ilya Samsonov without a rebound.
8:08 of 2nd period - Jack Roslovic wins face-off versus Matt Duchene in Golden Knights zone.
8:13 of 2nd period - Ryan Suter is hit by Marcus Foligno and loses puck.
8:24 of 2nd period - Shot by Jack Roslovic.
8:24 of 2nd period - Shot Misses the Net.
8:26 of 2nd period - Shot by Adam Boqvist.
8:26 of 2nd period - Stopped by Ville Husso without a rebound.
8:27 of 2nd period - Tomas Hertl wins face-off versus Jordan Staal in Kings zone.
8:50 of 2nd period - Shot by Jordan Staal.
8:50 of 2nd period - Stopped by Ilya Samsonov without a rebound.
8:51 of 2nd period - Jack Roslovic wins face-off versus Sidney Crosby in Golden Knights zone.
9:01 of 2nd period - Marcus Foligno is hit by Mattias Ekholm and loses puck.
9:16 of 2nd period - Shot by Jack Roslovic.
9:16 of 2nd period - Shot Misses the Net.
9:18 of 2nd period - Shot by Jack Roslovic.
9:18 of 2nd period - Shot Blocked by Sidney Crosby.
9:23 of 2nd period - Icing by Jonas Brodin.
9:24 of 2nd period - Sidney Crosby wins face-off versus Tomas Hertl in Kings zone.
9:32 of 2nd period - Sidney Crosby is hit by Jakob Chychrun and loses puck.
10:12 of 2nd period - Shot by Matt Duchene.
10:12 of 2nd period - Shot Blocked by Tomas Hertl.
10:14 of 2nd period - Shot by Matt Duchene.
10:14 of 2nd period - Shot Blocked by Jakob Chychrun.
10:16 of 2nd period - Shot by Ilya Mikheyev.
10:16 of 2nd period - Stopped by Ilya Samsonov without a rebound.
10:17 of 2nd period - Jack Roslovic wins face-off versus Jordan Staal in Golden Knights zone.
10:39 of 2nd period - Off-side.
10:40 of 2nd period - Matt Duchene wins face-off versus Nick Suzuki in neutral zone.
10:53 of 2nd period - Shot by Matt Duchene.
10:53 of 2nd period - Shot Misses the Net.
10:59 of 2nd period - Shot by Ilya Mikheyev.
10:59 of 2nd period - Shot Misses the Net.
11:01 of 2nd period - Shot by Ryan Suter.
11:01 of 2nd period - Stopped by Ilya Samsonov without a rebound.
11:02 of 2nd period - Jack Roslovic wins face-off versus Sidney Crosby in Golden Knights zone.
11:02 of 2nd period - Jack Roslovic is hit by Alex Ovechkin.
11:08 of 2nd period - Minor Penalty to Alex Ovechkin for High sticking.
11:09 of 2nd period - Jordan Staal wins face-off versus Nick Suzuki in Kings zone.
11:09 of 2nd period - Jordan Staal is hit by Artemi Panarin.
11:37 of 2nd period - Off-side.
11:38 of 2nd period - Jordan Staal wins face-off versus Marcus Foligno in neutral zone.
12:47 of 2nd period - Shot by Jakob Chychrun.
12:47 of 2nd period - Deflect By Mark Stone.
12:47 of 2nd period - Shot Misses the Net.
13:26 of 2nd period - Shot by Derek Grant.
13:26 of 2nd period - Shot Blocked by Mark Giordano.
13:28 of 2nd period - Shot by Rafael Harvey-Pinard.
13:28 of 2nd period - Stopped by Ville Husso without a rebound.
13:29 of 2nd period - Nic Dowd wins face-off versus Jack Roslovic in Kings zone.
13:38 of 2nd period - Shot by Tyler Motte.
13:38 of 2nd period - Stopped by Ilya Samsonov with a rebound.
13:40 of 2nd period - Shot by Conor Sheary.
13:40 of 2nd period - Shot Misses the Net.
13:42 of 2nd period - Shot by Tyler Motte.
13:42 of 2nd period - Stopped by Ilya Samsonov without a rebound.
13:43 of 2nd period - Sidney Crosby wins face-off versus Nick Suzuki in Golden Knights zone.
13:44 of 2nd period - Shot by Vladimir Tarasenko.
13:44 of 2nd period - Shot Blocked by Travis Hamonic.
14:04 of 2nd period - Shot by Alex Ovechkin.
14:04 of 2nd period - Shot Blocked by Conor Timmins.
14:07 of 2nd period - Minor Penalty to Vladimir Tarasenko for Hooking.
14:08 of 2nd period - Jordan Staal wins face-off versus Marcus Foligno in Kings zone.
14:23 of 2nd period - Shot by Jakob Chychrun.
14:23 of 2nd period - Stopped by Ville Husso with a rebound.
14:25 of 2nd period - Shot by Jakob Chychrun.
14:25 of 2nd period - Shot Misses the Net.
14:27 of 2nd period - Shot by Tomas Hertl.
14:27 of 2nd period - Stopped by Ville Husso without a rebound.
14:28 of 2nd period - Jordan Staal wins face-off versus Nick Suzuki in Kings zone.
14:56 of 2nd period - Shot by Mark Stone.
14:56 of 2nd period - Stopped by Ville Husso with a rebound.
15:39 of 2nd period - Off-side.
15:40 of 2nd period - Nic Dowd wins face-off versus T.J. Oshie in neutral zone.
15:50 of 2nd period - Off-side.
15:51 of 2nd period - Tomas Hertl wins face-off versus Tyler Motte in neutral zone.
16:44 of 2nd period - Shot by Conor Timmins.
16:44 of 2nd period - Stopped by Ville Husso without a rebound.
16:45 of 2nd period - Tomas Hertl wins face-off versus Ilya Mikheyev in Kings zone.
16:50 of 2nd period - Shot by Mark Stone.
16:50 of 2nd period - Shot Misses the Net.
16:52 of 2nd period - Shot by Zach Werenski.
16:52 of 2nd period - Stopped by Ville Husso without a rebound.
16:53 of 2nd period - Matt Duchene wins face-off versus Tomas Hertl in Kings zone.
17:15 of 2nd period - Matt Duchene is hit by Miro Heiskanen and loses puck.
17:21 of 2nd period - Icing by Zach Werenski.
17:22 of 2nd period - Tomas Hertl wins face-off versus Alex Ovechkin in Golden Knights zone.
17:38 of 2nd period - Shot by Sidney Crosby.
17:38 of 2nd period - Shot Blocked by Zach Werenski.
18:13 of 2nd period - Mattias Ekholm is hit by Marcus Foligno and loses puck.
18:40 of 2nd period - Shot by Ilya Mikheyev.
18:40 of 2nd period - Shot Blocked by Vladislav Namestnikov.
19:28 of 2nd period - Kirby Dach is hit by Jordan Staal and loses puck.
19:35 of 2nd period - Shot by Brandon Saad.
19:35 of 2nd period - Stopped by Ilya Samsonov without a rebound.
19:36 of 2nd period - Derek Grant wins face-off versus Nic Dowd in Golden Knights zone.
19:40 of 2nd period - Off-side.
19:41 of 2nd period - Tomas Hertl wins face-off versus Nic Dowd in neutral zone.
Goals for this period are 0 for Golden Knights vs 1 for Kings.
Shots for this period are 10 for Golden Knights vs 14 for Kings.

3rd period


0:01 of 3rd period - Sidney Crosby wins face-off versus Nick Suzuki in neutral zone.
0:04 of 3rd period - Shot by Vladimir Tarasenko.
0:04 of 3rd period - Shot Misses the Net.
0:06 of 3rd period - Shot by Alex Ovechkin.
0:06 of 3rd period - Shot Misses the Net.
0:33 of 3rd period - Icing by Mattias Ekholm.
0:34 of 3rd period - Tomas Hertl wins face-off versus Sidney Crosby in Kings zone.
0:54 of 3rd period - Mark Stone is hit by Vladimir Tarasenko and loses puck.
1:14 of 3rd period - Minor Penalty to Mark Giordano for Holding.
1:15 of 3rd period - Jordan Staal wins face-off versus Marcus Foligno in Kings zone.
1:52 of 3rd period - Shot by Zach Werenski.
1:52 of 3rd period - Shot Misses the Net.
2:12 of 3rd period - Shot by Artemi Panarin.
2:12 of 3rd period - Shot Blocked by David Savard.
2:47 of 3rd period - Shot by Nic Dowd.
2:47 of 3rd period - Stopped by Ilya Samsonov with a rebound.
3:00 of 3rd period - Shot by Nic Dowd.
3:00 of 3rd period - Stopped by Ilya Samsonov without a rebound.
3:01 of 3rd period - Jordan Staal wins face-off versus Tomas Hertl in Golden Knights zone.
3:30 of 3rd period - Shot by Alex Ovechkin.
3:30 of 3rd period - Stopped by Ilya Samsonov without a rebound.
3:31 of 3rd period - Jack Roslovic wins face-off versus Sidney Crosby in Golden Knights zone.
3:58 of 3rd period - Shot by Marcus Foligno.
3:58 of 3rd period - Stopped by Ville Husso without a rebound.
3:59 of 3rd period - Tyler Motte wins face-off versus Nick Suzuki in Kings zone.
5:02 of 3rd period - Shot by Evander Kane.
5:02 of 3rd period - Stopped by Ilya Samsonov with a rebound.
5:08 of 3rd period - Shot by Matt Duchene.
5:08 of 3rd period - Shot Blocked by Conor Timmins.
5:10 of 3rd period - Shot by Evander Kane.
5:10 of 3rd period - Stopped by Ilya Samsonov without a rebound.
5:11 of 3rd period - Sidney Crosby wins face-off versus Mark Stone in Golden Knights zone.
5:52 of 3rd period - Shot by Mark Stone.
5:52 of 3rd period - Stopped by Ville Husso without a rebound.
5:53 of 3rd period - Jordan Staal wins face-off versus Jack Roslovic in Kings zone.
5:53 of 3rd period - Jonas Brodin is hit by Marcus Foligno.
5:54 of 3rd period - Icing by Jonas Brodin.
5:55 of 3rd period - Jordan Staal wins face-off versus Jack Roslovic in Kings zone.
6:10 of 3rd period - Shot by Marcus Foligno.
6:10 of 3rd period - Stopped by Ville Husso without a rebound.
6:11 of 3rd period - Matt Duchene wins face-off versus Derek Grant in Kings zone.
6:22 of 3rd period - Shot by Evander Kane.
6:22 of 3rd period - Shot Blocked by Miro Heiskanen.
6:24 of 3rd period - Shot by Ilya Mikheyev.
6:24 of 3rd period - Deflect By Matt Duchene.
6:24 of 3rd period - Shot Misses the Net.
6:26 of 3rd period - Shot by Ilya Mikheyev.
6:26 of 3rd period - Shot Blocked by Zach Werenski.
6:28 of 3rd period - Shot by Matt Duchene.
6:28 of 3rd period - Shot Misses the Net.
6:44 of 3rd period - Shot by David Savard.
6:44 of 3rd period - Stopped by Ilya Samsonov without a rebound.
6:45 of 3rd period - Sidney Crosby wins face-off versus Jack Roslovic in Golden Knights zone.
6:58 of 3rd period - Off-side.
6:59 of 3rd period - Tomas Hertl wins face-off versus Jordan Staal in neutral zone.
9:34 of 3rd period - Jakob Chychrun is hit by Evander Kane and loses puck.
9:39 of 3rd period - Shot by Ilya Mikheyev.
9:39 of 3rd period - Stopped by Ilya Samsonov with a rebound.
9:41 of 3rd period - Shot by Matt Duchene.
9:41 of 3rd period - Deflect By Ilya Mikheyev.
9:41 of 3rd period - Stopped by Ilya Samsonov without a rebound.
9:42 of 3rd period - Tomas Hertl wins face-off versus Nic Dowd in Golden Knights zone.
9:44 of 3rd period - Icing by Mark Stone.
9:45 of 3rd period - Tomas Hertl wins face-off versus Matt Duchene in Golden Knights zone.
10:14 of 3rd period - Shot by Mark Stone.
10:14 of 3rd period - Shot Blocked by Ryan Suter.
10:16 of 3rd period - Shot by Artemi Panarin.
10:16 of 3rd period - Shot Blocked by Evander Kane.
10:18 of 3rd period - Shot by Mark Stone.
10:18 of 3rd period - Shot Misses the Net.
10:21 of 3rd period - Mark Stone is hit by Ryan Suter and loses puck.
11:29 of 3rd period - Joel Edmundson is hit by T.J. Oshie.
11:41 of 3rd period - Shot by T.J. Oshie.
11:41 of 3rd period - Deflect By Nick Suzuki.
11:41 of 3rd period - Goal by Nick Suzuki - Golden Knights : 3 - Kings : 2.
11:42 of 3rd period - Derek Grant wins face-off versus Sidney Crosby in neutral zone.
12:44 of 3rd period - Shot by Artemi Panarin.
12:44 of 3rd period - Stopped by Ville Husso without a rebound.
12:45 of 3rd period - Kirby Dach wins face-off versus Matt Duchene in Kings zone.
12:51 of 3rd period - Icing by Mark Giordano.
12:52 of 3rd period - Tomas Hertl wins face-off versus Matt Duchene in Kings zone.
13:11 of 3rd period - Shot by Matt Duchene.
13:11 of 3rd period - Stopped by Ilya Samsonov without a rebound.
13:12 of 3rd period - Jordan Staal wins face-off versus Kirby Dach in Golden Knights zone.
13:20 of 3rd period - Minor Penalty to Conor Timmins for Slashing.
13:21 of 3rd period - Tomas Hertl wins face-off versus Sidney Crosby in Golden Knights zone.
13:55 of 3rd period - Shot by Jonas Brodin.
13:55 of 3rd period - Deflect By Alex Ovechkin.
13:55 of 3rd period - Goal by Alex Ovechkin - Golden Knights : 3 - Kings : 3.
13:56 of 3rd period - Matt Duchene wins face-off versus Nick Suzuki in neutral zone.
13:56 of 3rd period - Matt Duchene is hit by T.J. Oshie.
14:10 of 3rd period - Shot by Evander Kane.
14:10 of 3rd period - Shot Misses the Net.
14:12 of 3rd period - Shot by Matt Duchene.
14:12 of 3rd period - Stopped by Ilya Samsonov with a rebound.
14:22 of 3rd period - Shot by Matt Duchene.
14:22 of 3rd period - Stopped by Ilya Samsonov without a rebound.
14:23 of 3rd period - Tomas Hertl wins face-off versus Jordan Staal in Golden Knights zone.
14:38 of 3rd period - Shot by Adam Boqvist.
14:38 of 3rd period - Deflect By Artemi Panarin.
14:38 of 3rd period - Shot Misses the Net.
14:42 of 3rd period - Shot by Mark Stone.
14:42 of 3rd period - Shot Misses the Net.
14:44 of 3rd period - Shot by Jakob Chychrun.
14:44 of 3rd period - Stopped by Ville Husso without a rebound.
14:45 of 3rd period - Sidney Crosby wins face-off versus Jack Roslovic in Kings zone.
14:45 of 3rd period - Ryan Suter is hit by Marcus Foligno and loses puck.
15:19 of 3rd period - Vladislav Namestnikov is hit by Alex Ovechkin and loses puck.
16:14 of 3rd period - Shot by Nick Suzuki.
16:14 of 3rd period - Shot Misses the Net.
16:23 of 3rd period - Nick Suzuki is hit by Mattias Ekholm and loses puck.
16:49 of 3rd period - Off-side.
16:50 of 3rd period - Nic Dowd wins face-off versus Tomas Hertl in neutral zone.
17:05 of 3rd period - Shot by Tomas Hertl.
17:05 of 3rd period - Stopped by Ville Husso without a rebound.
17:06 of 3rd period - Jordan Staal wins face-off versus Derek Grant in Kings zone.
17:08 of 3rd period - Ryan Suter is hit by Austin Watson and loses puck.
17:40 of 3rd period - Icing by Travis Hamonic.
17:41 of 3rd period - Sidney Crosby wins face-off versus Derek Grant in Golden Knights zone.
18:08 of 3rd period - Shot by Mattias Ekholm.
18:08 of 3rd period - Stopped by Ilya Samsonov without a rebound.
18:09 of 3rd period - Matt Duchene wins face-off versus Jack Roslovic in Golden Knights zone.
18:09 of 3rd period - Matt Duchene is hit by Miro Heiskanen.
18:18 of 3rd period - Ilya Mikheyev is hit by Zach Werenski and loses puck.
18:22 of 3rd period - Minor Penalty to Evander Kane for Hooking.
18:23 of 3rd period - Jordan Staal wins face-off versus Nick Suzuki in Kings zone.
18:23 of 3rd period - Jordan Staal is hit by Jakob Chychrun.
18:46 of 3rd period - Shot by Nick Suzuki.
18:46 of 3rd period - Shot Hit the Post.
18:48 of 3rd period - Shot by Artemi Panarin.
18:48 of 3rd period - Shot Misses the Net.
18:52 of 3rd period - Shot by Nick Suzuki.
18:52 of 3rd period - Stopped by Ville Husso without a rebound.
18:53 of 3rd period - Tomas Hertl wins face-off versus Jordan Staal in Kings zone.
Goals for this period are 1 for Golden Knights vs 1 for Kings.
Shots for this period are 8 for Golden Knights vs 13 for Kings.

Overtime #1


0:01 of 1st overtime period - Jordan Staal wins face-off versus Mark Stone in neutral zone.
0:07 of 1st overtime period - Icing by Zach Werenski.
0:08 of 1st overtime period - Jordan Staal wins face-off versus Tomas Hertl in Golden Knights zone.
0:10 of 1st overtime period - Minor Penalty to Miro Heiskanen for Hooking.
0:11 of 1st overtime period - Sidney Crosby wins face-off versus Tomas Hertl in Golden Knights zone.
0:18 of 1st overtime period - Shot by Sidney Crosby.
0:18 of 1st overtime period - Shot Misses the Net.
0:44 of 1st overtime period - Shot by Alex Ovechkin.
0:44 of 1st overtime period - Shot Blocked by Zach Werenski.
0:51 of 1st overtime period - Icing by Mark Giordano.
0:52 of 1st overtime period - Tomas Hertl wins face-off versus Sidney Crosby in Kings zone.
1:40 of 1st overtime period - Shot by Evander Kane.
1:40 of 1st overtime period - Shot Misses the Net.
2:26 of 1st overtime period - Shot by Ilya Mikheyev.
2:26 of 1st overtime period - Stopped by Ilya Samsonov without a rebound.
2:27 of 1st overtime period - Sidney Crosby wins face-off versus Nick Suzuki in Golden Knights zone.
2:48 of 1st overtime period - Shot by Nick Suzuki.
2:48 of 1st overtime period - Shot Misses the Net.
3:46 of 1st overtime period - Shot by Artemi Panarin.
3:46 of 1st overtime period - Shot Misses the Net.
3:50 of 1st overtime period - Shot by Zach Werenski.
3:50 of 1st overtime period - Stopped by Ville Husso without a rebound.
3:51 of 1st overtime period - Jack Roslovic wins face-off versus Matt Duchene in Kings zone.
4:08 of 1st overtime period - Shot by T.J. Oshie.
4:08 of 1st overtime period - Shot Misses the Net.
4:10 of 1st overtime period - Shot by T.J. Oshie.
4:10 of 1st overtime period - Stopped by Ville Husso without a rebound.
4:11 of 1st overtime period - Tomas Hertl wins face-off versus Alex Ovechkin in Kings zone.
4:30 of 1st overtime period - Shot by Alex Ovechkin.
4:30 of 1st overtime period - Deflect By Ilya Mikheyev.
4:30 of 1st overtime period - Shot Misses the Net.
4:32 of 1st overtime period - Shot by Ilya Mikheyev.
4:32 of 1st overtime period - Deflect By Alex Ovechkin.
4:32 of 1st overtime period - Shot Misses the Net.
4:34 of 1st overtime period - Shot by Alex Ovechkin.
4:34 of 1st overtime period - Shot Misses the Net.
4:51 of 1st overtime period - Icing by Zach Werenski.
4:52 of 1st overtime period - Tomas Hertl wins face-off versus Sidney Crosby in Golden Knights zone.
4:52 of 1st overtime period - Tomas Hertl is hit by Evander Kane.
Goals for this period are 0 for Golden Knights vs 0 for Kings.
Shots for this period are 2 for Golden Knights vs 1 for Kings.

ShootOut


5:00 of 1st overtime period - Round #1.
5:00 of 1st overtime period - Golden Knights, Artemi Panarin.
5:00 of 1st overtime period - Stopped by Ville Husso.
5:00 of 1st overtime period - Kings, Sidney Crosby.
5:00 of 1st overtime period - Stopped by Ilya Samsonov.
5:00 of 1st overtime period - Round #2.
5:00 of 1st overtime period - Golden Knights, Mark Stone.
5:00 of 1st overtime period - Stopped by Ville Husso.
5:00 of 1st overtime period - Kings, Alex Ovechkin.
5:00 of 1st overtime period - Stopped by Ilya Samsonov.
5:00 of 1st overtime period - Round #3.
5:00 of 1st overtime period - Golden Knights, Nick Suzuki.
5:00 of 1st overtime period - Goal by Nick Suzuki.
5:00 of 1st overtime period - Kings, James van Riemsdyk.
5:00 of 1st overtime period - Stopped by Ilya Samsonov.